 Dungeon Crawl Stone Soup version 0.30-a0-618-gd6c86c23d0 (webtiles) character file.

Game seed: 3083386805122571538

147 wormed the Sneak (level 5, -2/32 HPs)
             Began as a Kobold Brigand on Jan 9, 2023.
             Slain by an orc priest
             ... wielding a +0 club
              (3 damage)
             ... on level 4 of the Dungeon.
             The game lasted 00:03:31 (2934 turns).

wormed the Sneak (Kobold Brigand)                   Turns: 2934, Time: 00:03:32

Health: -2/32      AC:  5    Str:  9    XL:     5   Next: 55%
Magic:  5/5        EV: 12    Int: 12    God:
Gold:   159        SH:  0    Dex: 18    Spells: 4/4 levels left

rFire   . . .      SeeInvis .    v - +0 club
rCold   . . .      Faith    .    (no shield)
rNeg    . . .      Spirit   .    b - +0 robe
rPois   .          Reflect  .    i - +1 helmet
rElec   .          Harm     .    w - scarf {repulsion}
rCorr   .          Rampage  .    g - +0 pair of gloves
Will    .....                    (no boots)
Stlth   ++++                     (no amulet)
HPRegen 0.25/turn                (no ring)
MPRegen 0.09/turn                (no ring)

@: constricted, repel missiles
A: small, no large weapons, nightstalker 3
a: no special abilities


You were on level 4 of the Dungeon.
You visited 1 branch of the dungeon, and saw 4 of its levels.

You collected 159 gold pieces.

Inventory:

Hand Weapons
 a - a +2 dagger
 v - a +0 club (weapon)
Missiles
 d - 19 poisoned darts (quivered)
 e - 3 curare-tipped darts
Armour
 b - a +0 robe (worn)
 g - a +0 pair of gloves (worn)
 i - a +1 helmet (worn)
 w - a scarf of repulsion (worn)
Wands
 h - a wand of flame (28)
 q - a wand of iceblast (6)
Scrolls
 k - a scroll of teleportation
Potions
 f - a potion of resistance
 j - 2 potions of curing {unknown}
 o - 2 potions of lignification {unknown}
 s - a potion of invisibility {unknown}
 t - 2 potions of berserk rage {unknown}
 u - a potion of heal wounds {unknown}


   Skills:
 + Level 3.2 Fighting
 * Level 4.9 Short Blades
 - Level 2.1 Throwing
 + Level 2.8 Dodging
 + Level 6.1 Stealth


You had 4 spell levels left.
You didn't know any spells.
Your spell library was empty.

Dungeon Overview and Level Annotations

Branches:
Dungeon (4/15)             Temple (0/1) D:4

Altars:

Shops:
D:3 =


Innate Abilities, Weirdness & Mutations

You are small and have problems with some larger weapons.
You are completely attuned to the shadows.


Message History

The orc priest hits you with a +0 club.
You completely miss the orc priest.
The orc priest is heavily wounded.
The orc priest hits you with a +0 club.
You hit the orc priest.
The orc priest is heavily wounded.
The orc priest hits you but does no damage.
The orc priest hits you with a +0 club.
You hit the orc priest.
The orc priest is heavily wounded.
A ball python comes into view.
The orc priest hits you with a +0 club.
The ball python hisses angrily.
You hit the orc priest but do no damage.
The orc priest is heavily wounded.
The orc priest hits you with a +0 club.
You hit the orc priest. You punch the orc priest.
The orc priest is severely wounded.
The orc priest hits you but does no damage.
The ball python closely misses you. x2
You hit the orc priest but do no damage.
The orc priest is severely wounded.
The orc priest closely misses you. The ball python misses you. x2
The orc priest closely misses you.
You closely miss the ball python. The ball python closely misses you.
The ball python grabs you. The ball python constricts you.
The orc priest barely misses you. The ball python completely misses you.
The ball python constricts you.
You hit the orc priest but do no damage.
The orc priest is severely wounded.
The ball python bites you. The ball python constricts you.
The orc priest calls down the wrath of Beogh upon you.
Beogh smites you!
* * * LOW HITPOINT WARNING * * *
You hit the orc priest.
The orc priest is almost dead.
The ball python closely misses you. The ball python constricts you.
The orc priest misses you. The ball python misses you.
The ball python constricts you. The orc priest hits you with a +0 club.
You die...

.... ....
.... ###....
.... ......
....###.....
...o@S.<#
.....#......
.....#..#...
........+...
.......## ..


You could see an orc priest and a ball python.

Vanquished Creatures
  Robin (D:2)
  7 adders
  An orc (D:3)
  8 endoplasms
  4 giant cockroaches
  13 goblins
  7 hobgoblins
  3 jackals (D:2)
  7 kobolds
  A quokka (D:2)
  4 ball pythons
  5 bats
  A frilled lizard (D:2)
  3 rats
65 creatures vanquished.

Notes
Turn   | Place    | Note
-------+----------+-------------------------------------------
     0 | D:1      | wormed the Kobold Brigand began the quest for the Orb.
     0 | D:1      | Reached XP level 1. HP: 12/12 MP: 1/1
    97 | D:1      | Reached XP level 2. HP: 18/18 MP: 2/2
   711 | D:1      | Found a faded altar of an unknown god.
   907 | D:2      | Reached XP level 3. HP: 22/22 MP: 3/3
   919 | D:2      | Noticed Robin
  1027 | D:2      | Killed Robin
  1028 | D:2      | Reached XP level 4. HP: 3/27 MP: 4/4
  1436 | D:2      | You fall into a shaft and drop 1 floor!
  1723 | D:2      | Reached skill level 6 in Stealth
  1898 | D:2      | Reached XP level 5. HP: 22/32 MP: 5/5
  2205 | D:3      | Found Woygg's Jewellery Emporium.
  2914 | D:4      | Found a staircase to the Ecumenical Temple.
  2933 | D:4      | HP: 1/32 [orc priest/divine providence (10)]
  2934 | D:4      | Slain by an orc priest

Illustrated notes

Levels and vault maps discovered:
D:1:      amcnicky_arrival_flooded_fountain, layout_basic,
          shapermc_ecumenical_altar_notcrosses, minmay_misc_feat_columns,
          corexii_item_surrounded_by_moat
D:2:      layout_loops_ring, uniq_robin
D:3:      layout_basic, serial_shops, nicolae_shop_competitors_out_of_business,
          minmay_misc_feat_hallway, hangedman_decor_riveting,
          minmay_stone_trees_medium, kennysheep_generic_room_6
D:4:      layout_basic, minmay_temple_entry_proselytizer, serial_shops,
          nicolae_stop_n_shop_1

Skill      XL: |  1  2  3  4 |
---------------+-------------+-----
Short Blades   | 3 4 |  4.9
Dodging        | 2 |  2.8
Fighting       | 3 |  3.2
Stealth        | 6 |  6.1
Throwing       | |  2.1

Action                   |  1- 3 |  4- 6 || total
-------------------------+-------+-------++-------
Melee: Dagger            |    61 |   104 ||   165
       Punch             |       |     3 ||     3
       Club              |       |    17 ||    17
  Use: Scroll            |       |     6 ||     6
 Stab: Sleeping          |    10 |    16 ||    26
       Distracted        |       |     2 ||     2
Armor: Robe              |    13 |    26 ||    39
Dodge: Dodged            |    42 |    76 ||   118

Table legend: (Time is in decaauts)
 A = Elapsed time spent in this place.
 B = Non-inter-level travel time spent in this place.
 C = Inter-level travel time spent in this place.
 D = Time resting spent in this place.
 E = Time spent auto-exploring this place.
 F = Levels seen in this place.
 G = Mean time per level.
                   A        B        C        D        E       F      G
               +--------+--------+--------+--------+--------+-----+--------+
         Total |   2905 |   2790 |    115 |      0 |   2364 |   4 |  726.2 |
       Dungeon |   2905 |   2790 |    115 |      0 |   2364 |   4 |  726.2 |
               +--------+--------+--------+--------+--------+-----+--------+

Top non-repeatable levels by time:
     D:1: 1043 daAuts
     D:3: 937 daAuts
     D:2: 900 daAuts
     D:4: 24 daAuts
